 Dungeon Crawl Stone Soup version 0.28.0-47-ge53b351184 (webtiles) character file.

Game seed: 11289702390744924555

29 pkoi the Grasshopper (level 2, 0/24 HPs)
             Began as a Demigod Warper on May 9, 2022.
             Slain by a gnoll
             ... wielding a +0 whip
              (7 damage)
             ... on level 2 of the Dungeon.
             The game lasted 00:01:02 (1321 turns).

pkoi the Grasshopper (Demigod Warper)               Turns: 1321, Time: 00:01:03

Health: 0/24       AC:  8    Str: 12    XL:     2   Next: 81%
Magic:  7/7        EV:  5    Int: 15    God:
Gold:   41         SH:  0    Dex: 13    Spells: 4/4 levels left

rFire   . . .      SeeInvis .     - Unarmed
rCold   . . .      Faith    .   (no shield)
rNeg    . . .      Spirit   .   g - +0 chain mail
rPois   .          Reflect  .   (no helmet)
rElec   .          Harm     .   (no cloak)
rCorr   .          Rampage  .   (no gloves)
Will    .....                   (no boots)
Stlth   ..........              (no amulet)
HPRegen 0.08/turn               (no ring)
MPRegen 0.10/turn               (no ring)

@: no status effects
A: high MP 1, forlorn, divine attributes
a: no special abilities


You were on level 2 of the Dungeon.
You visited 1 branch of the dungeon, and saw 2 of its levels.

You collected 41 gold pieces.

Inventory:

Hand Weapons
 e - a +0 hunting sling
 j - a +0 short sword
 k - a +0 dagger
Missiles
 c - 5 boomerangs of dispersal (quivered)
 d - 2 sling bullets
Armour
 a - a +0 leather armour
 g - a +0 chain mail (worn)
Scrolls
 b - a scroll of blinking
 f - a scroll of enchant weapon {unknown}
Potions
 h - a potion of heal wounds {unknown}
 i - a potion of resistance {unknown}


   Skills:
 - Level 1.7 Fighting
 - Level 0.8 Throwing
 - Level 0.8 Armour
 - Level 1.7 Dodging
 + Level 2.5 Unarmed Combat
 - Level 1.7 Spellcasting
 + Level 3.3 Translocations


You had 4 spell levels left.
You didn't know any spells.
Your spell library contained the following spells:

 Spells                   Type           Power      Damage    Failure   Level
 Blink                    Tloc           22%        N/A       98%         2
 Gell's Gravitas          Tloc           11%        N/A       100%        3
 Lesser Beckoning         Tloc           11%        N/A       100%        3
 Teleport Other           Tloc           11%        N/A       100%        3
 Manifold Assault         Tloc           11%        N/A       100%        5


Dungeon Overview and Level Annotations

Branches:
Dungeon (2/15)


Innate Abilities, Weirdness & Mutations

You have an increased reservoir of magic. (+10% MP)
You shall have no god before yourself.
Your divine heritage dramatically boosts your attributes as you level up.


Message History

Fire: 6 sling bullets
Press: ? - help, Q - select action, (/) - cycle Shift-Dir - straight line, f - you Really target yourself?
Okay, then.
Unknown command.
Unknown command.
Fire: 6 sling bullets
Press: ? - help, Q - select action, (/) - cycle Shift-Dir - straight line, f - gnoll
Aim: a gnoll, wielding a +0 whip (lightly wounded, 60% to hit)
You shoot a sling bullet. The sling bullet hits the gnoll.
The gnoll is moderately wounded.
Unknown command.
Fire: 5 sling bullets
Press: ? - help, Q - select action, (/) - cycle Shift-Dir - straight line, f/p - gnoll
Aim: a gnoll, wielding a +0 whip (moderately wounded, 60% to hit)
You shoot a sling bullet.
The sling bullet barely misses the gnoll.
Unknown command.
Fire: 4 sling bullets
Press: ? - help, Q - select action, (/) - cycle Shift-Dir - straight line, f/p - gnoll
Aim: a gnoll, wielding a +0 whip (moderately wounded, 60% to hit)
You shoot a sling bullet.
The sling bullet closely misses the gnoll.
The gnoll hits you with a +0 whip!
* * * LOW HITPOINT WARNING * * *
Fire: 3 sling bullets
Press: ? - help, Q - select action, (/) - cycle Shift-Dir - straight line, f/p - gnoll
Aim: a gnoll, wielding a +0 whip (moderately wounded, 60% to hit)
You shoot a sling bullet.
The sling bullet hits the gnoll but does no damage.
The gnoll is moderately wounded.
The gnoll hits you but does no damage.
You are now empty-handed.
You hit the gnoll.
The gnoll is moderately wounded.
The gnoll hits you but does no damage.
You hit the gnoll.
The gnoll is heavily wounded.
The gnoll hits you with a +0 whip!
You die...

............... ###..###.###
#(.......... #.##.(##.##
#)#.......# #####.#(#..#..#
#......(##.#..# .....#
+.......##.#..# .....#
#..@g...##.#..# .....##.
#.......##....# .....##.#
#.......###...# .....##.#
#.......# #...#
.....##.######.......# #...#
.....##.#.....##.#'#.# #...#
.....##.#.....##.#.#.# #...#
.#.####.#.....##.#.#.###...######
...##.........##.#.#.##..>.......


You could see a gnoll.

Vanquished Creatures
  2 gnolls (D:2)
  An endoplasm (D:2)
  A goblin (D:2)
  2 jackals (D:1)
  A kobold (D:1)
  A quokka (D:1)
  A ball python (D:2)
  2 rats (D:1)
11 creatures vanquished.

Notes
Turn   | Place    | Note
-------+----------+-------------------------------------------
     0 | D:1      | pkoi the Demigod Warper began the quest for the Orb.
     0 | D:1      | Reached XP level 1. HP: 17/17 MP: 5/5
   730 | D:2      | Reached skill level 3 in Translocations
  1225 | D:2      | Reached XP level 2. HP: 24/24 MP: 7/7
  1321 | D:2      | Slain by a gnoll

Illustrated notes

Levels and vault maps discovered:
D:1:      dpeg_arrival_oval, layout_basic,
          shapermc_ecumenical_altar_mp_urbaneastern
D:2:      layout_basic, basic_altar

Skill      XL: |  1 |
---------------+----+-----
Unarmed Combat | 2 |  2.5
Translocations | 3 |  3.3
Fighting       | |  1.7
Throwing       | |  0.8
Armour         | |  0.8
Dodging        | |  1.7
Spellcasting   | |  1.7

Action                   || total
-------------------------++-------
Melee: Unarmed           ||    43
 Fire: Hunting sling     ||    25
Armor: Chain mail        ||    23
       Leather armour    ||     6
Dodge: Dodged            ||    17
